 Dungeon Crawl Stone Soup version 0.22-a0-479-gc6e99f3 (webtiles) character file.

153 Laiders72 the Magician (level 5, -4/37 HPs)
             Began as a Gnoll Wizard on June 15, 2018.
             Slain by an orc priest
             ... wielding a +0 trident
              (10 damage)
             ... on level 3 of the Dungeon.
             The game lasted 00:05:55 (2667 turns).

Laiders72 the Magician (Gnoll Wizard)               Turns: 2667, Time: 00:05:56

Health: -4/37      AC:  3    Str:  9    XL:     5   Next: 35%
Magic:  8/14       EV: 15    Int: 22    God:
Gold:   84         SH:  0    Dex: 17    Spells: 7/18 levels left

rFire    . . .     SeeInvis .   h - +2 dagger (speed)
rCold    . . .     Gourm    .   (no shield)
rNeg     . . .     Faith    .   a - +0 robe
rPois    .         Spirit   .   b - +1 hat
rElec    .         Reflect  .   (no cloak)
rCorr    .         Harm     .   (no gloves)
MR       .....                  (no boots)
Stlth    ++++......             (no amulet)
HPRegen  0.12/turn              e - ring of stealth
MPRegen  0.14/turn              j - +4 ring of dexterity

@: no status effects
A: distributed training, fangs 1, strong nose
a: no special abilities


You were on level 3 of the Dungeon.
You were very hungry.

You visited 1 branch of the dungeon, and saw 3 of its levels.

You collected 84 gold pieces.

Inventory:

Hand Weapons
 h - a +2 dagger of speed (weapon)
Armour
 a - a +0 robe (worn)
 b - a +1 hat (worn)
Jewellery
 e - a ring of stealth (left hand)
 j - a +4 ring of dexterity (right hand)
Scrolls
 c - a scroll of enchant armour
 i - a scroll of enchant weapon {unknown}
 l - a scroll of random uselessness {unknown}
 m - a scroll of remove curse
 o - a scroll of teleportation
Potions
 f - a potion of might {unknown}
 g - a potion of cancellation {unknown}
 k - a potion of agility {unknown}
 n - a potion of degeneration {unknown}
 p - a potion of curing {unknown}
 q - a potion of mutation {unknown}
Comestibles
 d - 9 rations


   Skills:
 + Level 1.4 Fighting
 + Level 1.4 Short Blades
 + Level 1.4 Long Blades
 + Level 1.4 Axes
 + Level 1.4 Maces & Flails
 + Level 1.4 Polearms
 + Level 1.4 Staves
 + Level 1.4 Slings
 + Level 1.4 Bows
 + Level 1.4 Crossbows
 + Level 1.4 Throwing
 + Level 1.4 Armour
 + Level 4.7 Dodging
 + Level 4.4 Stealth
 + Level 1.4 Shields
 + Level 1.4 Unarmed Combat
 + Level 7.3 Spellcasting
 + Level 2.3 Conjurations
 + Level 1.1 Hexes
 + Level 1.1 Charms
 + Level 2.3 Summonings
 + Level 1.1 Necromancy
 + Level 2.3 Translocations
 + Level 1.1 Transmutations
 + Level 1.1 Fire Magic
 + Level 1.1 Ice Magic
 + Level 1.1 Air Magic
 + Level 1.1 Earth Magic
 + Level 1.1 Poison Magic
 + Level 1.6 Invocations
 + Level 1.4 Evocations


You had 7 spell levels left.
You knew the following spells:

 Your Spells              Type           Power        Failure   Level  Hunger
a - Magic Dart            Conj           ###.         3%          1    None
b - Blink                 Tloc           N/A          4%          2    None
c - Call Imp              Summ           ###.....     4%          2    None
d - Conjure Flame         Conj/Fire      ###.....     12%         3    None
e - Mephitic Cloud        Conj/Pois/Air  ##......     13%         3    None

Your spell library contained the following spells:

 Spells                   Type           Power        Failure   Level  Hunger
 Slow                     Hex            ##......     8%          2    None


Dungeon Overview and Level Annotations

Branches:
Dungeon (3/15)

Altars:
Zin


Innate Abilities, Weirdness & Mutations

Your experience applies equally to all skills.
You have very sharp teeth.
Your uncanny sense of smell can sniff out nearby items.


Message History

Press: ? - help, Shift-Dir - straight line, f/p - orc priest
Aim: an orc priest, wielding a trident and wearing a scale mail (lightly wounded)
The magic dart hits the orc priest.
The orc priest is lightly wounded.
The orc priest hits you from afar with a trident.
Casting: Magic Dart (safe; 3% risk of failure)
Confirm with . or Enter, or press ? or * to list all spells.
Aiming: Magic Dart (safe; 3% risk of failure)
Press: ? - help, Shift-Dir - straight line, f/p - orc priest
Aim: an orc priest, wielding a trident and wearing a scale mail (lightly wounded)
The magic dart hits the orc priest.
The orc priest is moderately wounded.
The orc priest misses you.
Casting: Magic Dart (safe; 3% risk of failure)
Confirm with . or Enter, or press ? or * to list all spells.
A beastly little devil appears in a puff of frigid air.
The orc priest hits you from afar with a trident!
* * * LOW HITPOINT WARNING * * *
The orc priest hits you from afar with a trident!
You die...

## #.# ... #.##
#..##+##..##
...........#
.......... ∆
........######
#.....@...#
...######.........#
...o.o.%....5o....#
#########.........#
#.........#
###########


You could see an orc priest and a friendly white imp.

Vanquished Creatures
  An orc priest (D:2)
  Jessica (D:2)
  3 adders (D:2)
  An ooze (D:1)
  2 worms (D:2)
  4 dart slugs
  A leopard gecko (D:2)
  4 orcs (D:2)
  5 bats
  6 goblins
  9 hobgoblins
  2 jackals (D:1)
  A ball python (D:2)
  A frilled lizard (D:2)
  6 kobolds
  A quokka skeleton (D:2)
  8 rats
56 creatures vanquished.

Notes
Turn   | Place    | Note
-------+----------+-------------------------------------------
     0 | D:1      | Laiders72 the Gnoll Wizard began the quest for the Orb.
     0 | D:1      | Reached XP level 1. HP: 13/13 MP: 8/8
   154 | D:1      | Reached XP level 2. HP: 19/19 MP: 8/10
   620 | D:1      | Reached XP level 3. HP: 25/25 MP: 2/11
  1031 | D:1      | Reached skill level 1 in Invocations
  1175 | D:1      | Learned a level 2 spell: Blink
  1178 | D:1      | Learned a level 2 spell: Call Imp
  1182 | D:1      | Learned a level 3 spell: Conjure Flame
  1186 | D:1      | Learned a level 3 spell: Mephitic Cloud
  1291 | D:2      | Reached skill level 1 in Fighting
  1291 | D:2      | Reached skill level 1 in Short Blades
  1291 | D:2      | Reached skill level 1 in Long Blades
  1291 | D:2      | Reached skill level 1 in Axes
  1291 | D:2      | Reached skill level 1 in Maces & Flails
  1291 | D:2      | Reached skill level 1 in Polearms
  1291 | D:2      | Reached skill level 1 in Staves
  1291 | D:2      | Reached skill level 1 in Slings
  1291 | D:2      | Reached skill level 1 in Bows
  1291 | D:2      | Reached skill level 1 in Crossbows
  1291 | D:2      | Reached skill level 1 in Throwing
  1291 | D:2      | Reached skill level 1 in Armour
  1291 | D:2      | Reached skill level 1 in Shields
  1291 | D:2      | Reached skill level 1 in Unarmed Combat
  1291 | D:2      | Reached skill level 1 in Evocations
  1298 | D:2      | Reached XP level 4. HP: 23/32 MP: 8/13
  1501 | D:2      | Found a glowing silver altar of Zin.
  1552 | D:2      | Noticed Jessica
  1563 | D:2      | Killed Jessica
  1570 | D:2      | Reached skill level 1 in Hexes
  1570 | D:2      | Reached skill level 1 in Charms
  1570 | D:2      | Reached skill level 1 in Necromancy
  1570 | D:2      | Reached skill level 1 in Transmutations
  1570 | D:2      | Reached skill level 1 in Fire Magic
  1570 | D:2      | Reached skill level 1 in Ice Magic
  1570 | D:2      | Reached skill level 1 in Air Magic
  1570 | D:2      | Reached skill level 1 in Earth Magic
  1570 | D:2      | Reached skill level 1 in Poison Magic
  1649 | D:2      | Found a faded altar of an unknown god.
  1929 | D:2      | Reached XP level 5. HP: 29/37 MP: 7/14
  2667 | D:3      | Slain by an orc priest

Vault maps used:
D:1:      dpeg_arrival_stonehenge_8_columns, serial_co_window_serial,
          co_window_corner_a, co_window_corner_a, co_window_paths_a,
          co_window_corner_a, co_window_paths_b, co_window_paths_b,
          co_window_corner_a, co_window_unsneaky_path_c,
          co_window_unsneaky_path_c, co_window_broadway_b, co_window_corner_cb,
          glass_columns_a, glass_columns_a, glass_columns_a, glass_columns_c,
          glass_columns_c
D:2:      overflow_temple_1_default, chequers_ecumenical_altar_island,
          first_ration, uniq_jessica
D:3:      doesnt_xom_only_xom

Skill      XL: |  1  2  3  4 |
---------------+-------------+-----
Conjurations   | 2 |  2.3
Summonings     | 2 |  2.3
Translocations | 2 |  2.3
Invocations    | 1 |  1.6
Fighting       | 1 |  1.4
Short Blades   | 1 |  1.4
Long Blades    | 1 |  1.4
Axes           | 1 |  1.4
Maces & Flails | 1 |  1.4
Polearms       | 1 |  1.4
Staves         | 1 |  1.4
Slings         | 1 |  1.4
Bows           | 1 |  1.4
Crossbows      | 1 |  1.4
Throwing       | 1 |  1.4
Armour         | 1 |  1.4
Shields        | 1 |  1.4
Unarmed Combat | 1 |  1.4
Evocations     | 1 |  1.4
Hexes          | 1 |  1.1
Charms         | 1 |  1.1
Necromancy     | 1 |  1.1
Transmutations | 1 |  1.1
Fire Magic     | 1 |  1.1
Ice Magic      | 1 |  1.1
Air Magic      | 1 |  1.1
Earth Magic    | 1 |  1.1
Poison Magic   | 1 |  1.1
Dodging        | |  4.7
Stealth        | |  4.4
Spellcasting   | |  7.3

Action                   |  1- 3 |  4- 6 || total
-------------------------+-------+-------++-------
Melee: Dagger            |    21 |    45 ||    66
       Bite              |     2 |     8 ||    10
 Cast: Magic Dart        |    64 |    48 ||   112
       Call Imp          |       |     4 ||     4
       Blink             |       |     3 ||     3
       Mephitic Cloud    |       |     2 ||     2
  Use: Scroll            |     1 |     2 ||     3
 Stab: Sleeping          |     1 |       ||     1
  Eat: Chunk             |     1 |     3 ||     4
Armor: Robe              |     2 |     2 ||     4
Dodge: Dodged            |    17 |    29 ||    46

Table legend:
 A = Spawn XP
 B = Non-spawn XP
 C = Spawn XP percentage of total XP
 D = Spawn monster count
 E = Non-spawn monster count
 F = Spawn count percentage of total count
 G = Total turns spent on level
                    A         B        C        D         E        F      G
               +---------+---------+-------+---------+---------+-------+---------
         Total |       0 |     219 |   0.0 |       0 |      56 |   0.0 |  2667
               +---------+---------+-------+---------+---------+-------+---------
           D:1 |       0 |      59 |   0.0 |       0 |      29 |   0.0 |  1227
           D:2 |       0 |     160 |   0.0 |       0 |      27 |   0.0 |  1400
               +---------+---------+-------+---------+---------+-------+---------
